 Dungeon Crawl Stone Soup version 0.26.1-2-gb8aa6d0cf2 (webtiles) character file.

Game seed: 5278168494687708346

5724 nightchill the Cruncher (level 11, -2/89 HPs)
             Began as a Formicid Fighter on Feb 11, 2021.
             Was a Priest of Zin.
             Slain by a four-headed hydra (7 damage)
             ... on level 9 of the Dungeon.
             The game lasted 00:30:39 (12195 turns).

nightchill the Cruncher (Formicid Fighter)         Turns: 12195, Time: 00:30:40

Health: -2/89      AC: 12    Str: 27    XL:     11   Next: 5%
Magic:  18/18      EV:  3    Int: 11    God:    Zin [***...]
Gold:   472        SH: 17    Dex: 13    Spells: 10/10 levels left

rFire    . . .     SeeInvis +   x - +0 whip (elec)
rCold    . . .     Faith    .   d - +2 tower shield
rNeg     . . .     Spirit   .   N - +0 plate armour
rPois    ∞         Reflect  .   (helmet unavailable)
rElec    .         Harm     .   (no cloak)
rCorr    .         Rampage  .   b - +0 pair of gloves
Will     +....                  (no boots)
Stlth    ..........             (no amulet)
HPRegen  0.24/turn              (no ring)
MPRegen  0.16/turn              (no ring)

@: vitalised, very slightly contaminated, invisible
A: permanent stasis, dig shafts and tunnels, four strong arms, antennae 3
a: Dig, Shaft Self, Renounce Religion, Recite, Vitalisation, Imprison, Donate
Gold


You were on level 9 of the Dungeon.
You worshipped Zin.
Zin was most pleased with you.
You visited 2 branches of the dungeon, and saw 10 of its levels.

You collected 524 gold pieces.
You donated 52 gold pieces to Zin.

Inventory:

Hand Weapons
 a - a +0 quarterstaff
 c - a +0 dire flail of holy wrath
 x - a +0 whip of electrocution (weapon)
Missiles
 m - 236 stones
 o - 3 javelins
 s - 7 curare-tipped darts
 t - 3 throwing nets
Armour
 b - a +0 pair of gloves (worn)
 d - a +2 tower shield (worn)
 B - the +0 cloak "Bonihan" {Rampage rN++}
   (You found it on level 4 of the Dungeon)

   It greatly protects you from negative energy.
   It bestows one free step when moving towards enemies.
 N - a +0 plate armour (worn)
Jewellery
 u - a +6 ring of dexterity {unknown}
 C - an uncursed ring of ice
Wands
 f - a wand of paralysis (10)
 w - a wand of enslavement (6)
 z - a wand of acid (3)
 L - a wand of disintegration (9)
Scrolls
 e - a scroll of immolation {unknown}
 g - a scroll of magic mapping
 h - 4 scrolls of remove curse
 j - 3 scrolls of teleportation
 k - 4 scrolls of fog
 p - a scroll of noise {unknown}
 r - a scroll of random uselessness {unknown}
 A - a scroll of fear {unknown}
 F - a scroll of vulnerability {unknown}
 M - a scroll of enchant weapon {unknown}
Potions
 i - a potion of invisibility
 l - 3 potions of brilliance
 n - 3 potions of curing
 q - a potion of magic
 v - 2 potions of cancellation
 E - a potion of flight
 H - a potion of attraction {unknown}
 J - a potion of berserk rage {unknown}


   Skills:
 + Level 9.0 Fighting
 * Level 10.9 Staves
 - Level 3.2 Armour
 - Level 3.6 Shields
 * Level 10.2 Invocations


You had 10 spell levels left.
You didn't know any spells.
Your spell library contained the following spells:

 Spells                   Type           Power        Failure   Level
 Freeze                   Ice            0%           100%        1
 Summon Small Mammal      Summ           0%           100%        1
 Call Imp                 Summ           0%           100%        2
 Call Canine Familiar     Summ           0%           100%        3
 Frozen Ramparts          Ice            0%           100%        3
 Ozocubu's Armour         Ice            0%           100%        3
 Summon Guardian Golem    Hex/Summ       0%           100%        3
 Hailstorm                Conj/Ice       0%           100%        4
 Summon Ice Beast         Ice/Summ       0%           100%        4
 Summon Lightning Spire   Summ/Air       0%           100%        4


Dungeon Overview and Level Annotations

Branches:
Dungeon (9/15)             Temple (1/1) D:4            Lair (0/6) D:8
    Orc: D:9-12

Altars:
Ashenzari
Cheibriados
Dithmenos
Elyvilon
Fedhas
Gozag
Kikubaaqudgha
Makhleb
Nemelex Xobeh
Okawaru
Qazlal
Ru
Sif Muna
Trog
Uskayaw
Vehumet
Wu Jian
Xom
Yredelemnul
Zin
The Shining One

Shops:
D:5 }

Annotations:
D:6 exclusion: downstairs


Innate Abilities, Weirdness & Mutations

You cannot be hasted, slowed, berserked, paralysed or teleported.
You can dig through walls and to a lower floor.
Your four strong arms can wield two-handed weapons with a shield.
You have a pair of large antennae on your head. (SInv)


Message History

...and don't expect to remain undetected.
There is an open gate here.
The adder bites something.
There is an open door, spattered with blood here.
You see here a big kobold skeleton.
You feel better.
The four-headed hydra bites you but does no damage.
You block the four-headed hydra's attack.
The four-headed hydra bites you!
* * * LOW HITPOINT WARNING * * *
The four-headed hydra bites you but does no damage.
There is an open door here.
A nearby plant withers and dies.
You hit the four-headed hydra.
The four-headed hydra is heavily wounded.
You block the four-headed hydra's attack.
The four-headed hydra bites you!
* * * LOW HITPOINT WARNING * * *
The four-headed hydra bites you!
You die...

########## #.....÷..#
#.....#S)# ##'''###D# {
#.....≈≈@# #..P..≈≈P#
#.....P≈≈# #......≈P#
#.≈.≈.≈PP# ####.#####
#>...# ### ###
#########S#####.##
S.#####............#.#.##


You could see a four-headed hydra and an adder.

Vanquished Creatures
  A hydra (D:9)
  Harold (D:7)
  2 dream sheep (D:9)
  The ghost of DRAGONFLAY the Shield-Bearer, an amateur HuFi of Makhleb (D:3)
  A water moccasin (D:8)
  2 sky beasts
  3 ice beasts
  3 orc warriors
  6 ogres
  A phantom (D:9)
  4 centaurs
  6 big kobolds
  7 bullfrogs (D:7)
  A scorpion (D:6)
  A howler monkey (D:7)
  A quasit (D:6)
  A jelly (D:5)
  6 orc priests
  2 centaur skeletons
  Ijyb (D:5)
  2 bullfrog skeletons
  3 iguanas
  8 orc wizards
  8 worker ants
  10 adders
  3 gnolls (D:5)
  A shadow imp (D:7)
  2 white imps (D:8)
  An ufetubus (D:6)
  2 adder zombies
  An adder skeleton (D:5)
  3 dart slugs
  5 worms
  3 leopard geckos
  27 orcs
  2 ball pythons
  6 bats
  4 giant cockroaches
  2 goblins (D:1)
  12 hobgoblins
  6 jackals (D:2)
  4 quokkas
  3 frilled lizards
  A jackal zombie (D:5)
  20 kobolds
  A leopard gecko skeleton (D:5)
  24 rats
215 creatures vanquished.

Vanquished Creatures (others)
  A plant (D:9)
1 creature vanquished.

Grand Total: 216 creatures vanquished

Notes
Turn   | Place    | Note
-------+----------+-------------------------------------------
     0 | D:1      | nightchill the Formicid Fighter began the quest for the
                  | Orb.
     0 | D:1      | Reached XP level 1. HP: 18/18 MP: 1/1
   216 | D:1      | Reached XP level 2. HP: 24/24 MP: 2/2
  1106 | D:2      | Reached XP level 3. HP: 30/30 MP: 3/3
  1455 | D:2      | Found a sparkling altar of Nemelex Xobeh.
  1458 | D:2      | Reached XP level 4. HP: 37/37 MP: 4/4
  2256 | D:3      | Noticed a big kobold
  2551 | D:3      | Killed a big kobold
  2552 | D:3      | Reached XP level 5. HP: 40/43 MP: 5/5
  2738 | D:3      | Found a faded altar of an unknown god.
  3197 | D:3      | Reached XP level 6. HP: 49/49 MP: 6/6
  3264 | D:3      | Found a runed translucent door.
  3269 | D:3      | Noticed DRAGONFLAY's ghost (amateur HuFi)
  3276 | D:3      | Reached skill level 5 in Staves
  3281 | D:3      | Killed DRAGONFLAY's ghost
  3282 | D:3      | Reached skill level 5 in Fighting
  3463 | D:3      | Reached XP level 7. HP: 43/56 MP: 7/7
  4113 | D:4      | Got a dazzling cloak
  4114 | D:4      | Identified the +0 cloak "Bonihan" {Rampage rN++} (You found
                  | it on level 4 of the Dungeon)
  4453 | D:4      | Found a shimmering altar of Xom.
  4460 | D:4      | Found a bloodstained altar of Trog.
  4464 | D:4      | Found a glowing golden altar of the Shining One.
  4531 | D:4      | Found a staircase to the Ecumenical Temple.
  4540 | Temple   | Entered the Ecumenical Temple
  5025 | Temple   | Became a worshipper of Elyvilon the Healer
  5104 | D:5      | Entered Level 5 of the Dungeon
  5184 | D:5      | Reached skill level 1 in Invocations
  5666 | D:5      | Reached XP level 8. HP: 64/64 MP: 9/9
  5773 | D:5      | Reached * piety under Elyvilon
  5968 | D:5      | Noticed Ijyb
  5981 | D:5      | Killed Ijyb
  6300 | D:5      | Found Wodgh's Gadget Boutique.
  6563 | D:6      | Found a glowing silver altar of Zin.
  6566 | D:6      | Fell from the grace of Elyvilon
  6566 | D:6      | Became a worshipper of Zin the Law-Giver
  6566 | D:6      | Reached * piety under Zin
  6576 | D:6      | Found a hide-covered altar of Uskayaw.
  6735 | D:6      | Found a burning altar of Makhleb.
  6945 | D:6      | Reached ** piety under Zin
  7344 | D:6      | Found Jiytz's Antique Weapon Boutique.
  7713 | D:6      | Reached skill level 5 in Invocations
  7713 | D:6      | Reached XP level 9. HP: 63/71 MP: 12/12
  8786 | D:7      | Found an ornate altar of the Wu Jian Council.
  8799 | D:7      | Found a white marble altar of Elyvilon.
  9212 | D:7      | Reached XP level 10. HP: 48/80 MP: 15/15
 10055 | D:8      | Found a staircase to the Lair.
 10294 | D:8      | Reached skill level 10 in Staves
 10323 | D:8      | Noticed Harold
 10377 | D:7      | Killed Harold
 10788 | D:8      | Reached *** piety under Zin
 11291 | D:8      | Found a shadowy altar of Dithmenos.
 11337 | D:8      | Found an ancient bone altar of Kikubaaqudgha.
 11338 | D:8      | Found a broken altar of Ashenzari.
 11824 | D:9      | Noticed a two-headed hydra
 11842 | D:9      | Killed a two-headed hydra
 11843 | D:9      | Reached skill level 10 in Invocations
 11843 | D:9      | Reached XP level 11. HP: 30/89 MP: 18/18
 12149 | D:9      | Noticed a four-headed hydra
 12195 | D:9      | Slain by a four-headed hydra

Illustrated notes

Levels and vault maps discovered:
D:1:      nzn_arrival_crosshair, layout_basic, serial_glass, glass_columns_c,
          glass_columns_b, item_on_display_a,
          wander_ebering_terrifying_dragon_lair
D:2:      layout_loops_cross, old_standard_altar, minmay_rat_hole
D:3:      cheibrodos_thug_alley, layout_basic, ebering_ghost_sewer_d,
          chequers_ecumenical_altar_simple
D:4:      layout_cave_pools, minitemple, minmay_temple_entry_antechambers
D:5:      layout_basic, serial_shops, kennysheep_mini, uniq_ijyb
D:6:      layout_loops_cross, zin_statuary, eat_drink_and_be_merry_uskayaw,
          kennysheep_little_box, serial_shops, shop,
          hangedman_abyss_or_decor_stagger, minmay_hedge_maze,
          minmay_misc_feat_roman, minivault_11
D:7:      layout_gridville, pdpol_wu_jian_five_deadly_venoms, basic_altar
D:8:      layout_basic, nicolae_overflow_hidden_temple,
          grunt_dithmenos_smoke_and_mirrors, lair_entry_dummy, uniq_harold
D:9:      layout_roguey, nicolae_overflow_crystal_walls, david_orc_3,
          hangedman_ranch [blue_anna_fruit_fields]
Temple:   cyrus_temple_forest

Skill      XL: |  1  2  3  4  5  6  7  8  9 10 |
---------------+-------------------------------+-----
Staves         | 3 4 5 6 8 9 10 | 10.9
Fighting       | 4 5 6 7 9 |  9.0
Invocations    | 1 5 7 10 | 10.2
Armour         | |  3.2
Shields        | |  3.6

Action                   |  1- 3 |  4- 6 |  7- 9 | 10-12 || total
-------------------------+-------+-------+-------+-------++-------
Melee: Quarterstaff      |   102 |    93 |       |       ||   195
       Whip              |       |    52 |   446 |   228 ||   726
Invok: Recite            |       |       |    12 |     7 ||    19
       Vitalisation      |       |       |       |     2 ||     2
 Abil: Dig               |     2 |       |    17 |     1 ||    20
Evoke: Wand              |       |       |     3 |     2 ||     5
  Use: Potion            |       |     1 |       |     2 ||     3
       Scroll            |       |       |     9 |     7 ||    16
 Stab: Confused          |       |       |     1 |     2 ||     3
Armor: Scale mail        |    43 |    44 |     3 |       ||    90
       Chain mail        |       |       |    95 |       ||    95
       Skin              |       |       |     3 |       ||     3
       Plate armour      |       |       |    73 |    73 ||   146
Dodge: Dodged            |    25 |    42 |    38 |    18 ||   123
Block: Kite shield       |    35 |    62 |       |       ||    97
       Tower shield      |       |     5 |   292 |   151 ||   448
